 Dungeon Crawl Stone Soup version 0.32-a0-128-g77eb882913 (webtiles) character file.

Game seed: 12575479677757579263

19600 Pooter the Severer (level 12, -15/110 HPs)
             Began as a Minotaur Berserker on Feb 7, 2024.
             Was an Elder of Trog.
             Killed by divine providence
             ... invoked by an orc priest
              (17 damage)
             ... on level 2 of the Orcish Mines.
             The game lasted 01:09:07 (12290 turns).

Pooter the Severer (Minotaur Berserker)            Turns: 12290, Time: 01:09:08

Health: -15/110    AC: 23    Str: 26    XL:     12   Next: 38%
Magic:  11/11      EV:  7    Int:  4    God:    Trog [****..]
Gold:   614        SH:  0    Dex: 14    Spells: 11/11 levels left

rFire   . . .        a - +0 executioner's axe (flame)
rCold   . . .        (shield currently unavailable)
rNeg    . . .        j - +2 plate armour
rPois   .            (helmet restricted)
rElec   .            h - +0 cloak
rCorr   .            X - +1 pair of gloves {Dex+3}
SInv    +            N - +2 pair of boots
Will    +++..        (no amulet) Stlth
                     p - +4 ring of protection
HPRegen 1.38/turn    S - ring of see invisible
MPRegen 0.12/turn

%: no passive effects
@: mighty, strong-willed, on berserk cooldown, enlightened, flying,
regenerating, slowed, very slow
A: horns 2, retaliatory headbutt
a: Renounce Religion, Berserk, Trog's Hand, Brothers in Arms


You were on level 2 of the Orcish Mines.
You worshipped Trog.
Trog was greatly pleased with you.
You visited 2 branches of the dungeon, and saw 12 of its levels.
You visited 1 bazaar.
You also visited: Sewer and Bailey.

You collected 2020 gold pieces.
You spent 1406 gold pieces at shops.

Inventory:

Hand Weapons
 a - a +0 executioner's axe of flaming (weapon)
   (You acquired it on level 9 of the Dungeon)
 b - a +4 hand cannon of draining
   (You found it in a bailey)
 e - a +2 eveningstar of flaming
   (You took it off an efreet on level 10 of the Dungeon)
 r - a +1 battleaxe of electrocution
   (You took it off a wight on level 4 of the Dungeon)
 s - a +0 war axe
   (You took it off an orc on level 6 of the Dungeon)
 A - a +0 morningstar
   (You found it on level 3 of the Dungeon)
 I - a +0 trident
   (You took it off an orc on level 6 of the Dungeon)
 P - the +11 sling "Jaicar" {flame, *Slow rElec rPois Stlth+}
   (You found it on level 4 of the Dungeon)

   rElec:     It insulates you from electricity.
   rPois:     It protects you from poison *Slow: It may slow you when you take
   damage.
   Stlth+:    It makes you more stealthy.
Missiles
 l - 4 javelins
 m - 33 boomerangs (quivered)
 w - 10 poisoned darts
 G - a curare-tipped dart
 Q - 103 stones
 T - 3 atropa-tipped darts
Armour
 h - a +0 cloak (worn)
   (You found it on level 2 of the Dungeon)
 j - a +2 plate armour (worn)
   (You found it on level 2 of the Dungeon)
 o - a +0 tower shield
   (You found it on level 9 of the Dungeon)
 C - a +1 scale mail of cold resistance
   (You found it on level 7 of the Dungeon)
 N - a +2 pair of boots (worn)
   (You found it on level 6 of the Dungeon)
 X - a +1 pair of gloves of dexterity (worn)
   (You bought it in a shop on level 7 of the Dungeon)
Jewellery
 p - a +4 ring of protection (left hand)
   (You found it in a sewer)
 v - a +4 ring of protection
   (You found it on level 10 of the Dungeon)
 D - a +4 ring of protection
   (You found it on level 5 of the Dungeon)
 F - a ring of protection from fire
   (You took it off a goblin on level 4 of the Dungeon)
 M - a ring of flight
   (You found it on level 7 of the Dungeon)
 S - a ring of see invisible (right hand)
   (You found it on level 5 of the Dungeon)
Wands
 f - a wand of flame (47)
   (You found it on level 4 of the Dungeon)
 x - a wand of acid (2)
   (You bought it in a shop on level 8 of the Dungeon)
 U - a wand of roots (6)
   (You bought it in a shop on level 8 of the Dungeon)
Scrolls
 c - 3 scrolls of vulnerability {!r}
 d - 4 scrolls of poison {!r}
 t - 3 scrolls of teleportation {@r4}
 y - 6 scrolls of noise {!r}
 z - a scroll of silence
 B - a scroll of fog
 E - 2 scrolls of summoning
 V - a scroll of fear
Potions
 g - a potion of enlightenment
 k - 10 potions of curing {@q1}
 n - 3 potions of cancellation
 q - 3 potions of resistance
 u - a potion of mutation {!q}
 H - 2 potions of lignification {!q}
 J - a potion of invisibility
 K - 4 potions of heal wounds {@q2}
 L - a potion of might
 O - 2 potions of haste {@q3}
 R - a potion of attraction {unknown}
 W - a potion of magic {unknown}


   Skills:
 + Level 11.5 Fighting
 * Level 15.4(15.6) Axes
 - Level 3.7(10.7) Maces & Flails
 * Level 13.3 Ranged Weapons
 + Level 4.5 Throwing
 - Level 2.4 Armour
 - Level 2.1 Dodging


You had 11 spell levels left.
You didn't know any spells.
Your spell library was empty.

Dungeon Overview and Level Annotations

Branches:
Dungeon (10/15) Zot: 25417  Temple (0/1) D:7             Orc (2/2) D:10 Zot: 10141
    Elf (0/3) Orc:2         Sewer (visited)          Bailey (visited)
   Lair: D:8-11

Altars:
Ashenzari
Cheibriados
Gozag
Hepliaklqana
Kikubaaqudgha
Qazlal
Trog
Vehumet
Xom
Yredelemnul

Shops:
D:7 [   D:8 *   Orc:2 =**

Annotations:
D:10 2 transporters, PriceMaster's ghost, journeyman SpCj


Innate Abilities, Weirdness & Mutations

You have a pair of horns on your head.
You reflexively headbutt those who attack you in melee.


Message History

The orc high priest hits you from afar with a +0 trident.
The orc high priest hits you but does no damage.
The orc priest mumbles some strange prayers to Beogh against you.
Beogh smites you!
* * * LOW HITPOINT WARNING * * *
The orc high priest hits you but does no damage.
An orc knight comes into view. It is wielding a +0 great mace.
You slice the orc high priest!! You burn the orc high priest.
You kill the orc high priest!
Trog accepts your kill.
The orc high priest hits you but does no damage.
There are monsters nearby!
Your surroundings suddenly seem different.
An orc priest comes into view. It is wielding a +0 falchion.
The orc priest shouts!
The orc warrior shouts!
The orc shouts!
You hear a shout! x2
The orc throws a boomerang.
The boomerang hits you but does no damage.
Items here: )) [ ††.
Your skin crawls.
You feel strong-willed.
The orc throws a boomerang.
The boomerang hits you.
* * * LOW HITPOINT WARNING * * *
The orc warrior hits you but does no damage.
The orc priest invokes the aid of Beogh against you.
Beogh smites you!
* * * LOW HITPOINT WARNING * * *
You feel very buoyant.
You fly up into the air.
The orc hits you but does no damage.
The orc warrior hits you from afar with a +0 halberd.
* * * LOW HITPOINT WARNING * * *
The orc warrior hits you but does no damage.
The orc priest looks braver for a moment.
An orc priest comes into view. It is wielding a +0 whip.
The orc throws a boomerang.
The boomerang barely misses you. The orc hits you but does no damage.
Found a stone staircase leading up.
The orc warrior barely misses you.
The orc priest begins to cast a cantrip, but forgets the words!
The orc priest hits you but does no damage.
The orc priest mumbles some strange prayers to Beogh against you.
Beogh smites you!
* * * LOW HITPOINT WARNING * * *
The orc priest calls down the wrath of Beogh upon you.
Beogh smites you!
* * * LOW HITPOINT WARNING * * *
The orc priest attacks as it pursues you!
The orc priest barely misses you.
The orc priest calls down the wrath of Beogh upon you.
Beogh smites you!
You die...

*,,,.....##############*,,,,,,,
**,..................,,,,,*,**,
**,,*#............#**,,,,,,,** **
****#...........###.,,,,*,,,* ,**
**##...............,,,,,,,** ,,*
**,.....≈≈≈o........,,,,*,,,,
,,###,,,,,#§)≈)≈o.......,,,,,*,**
,......,**#≈≈o≈≈oo......,,,,,*,*,
*......**##≈)≈)≈@o......,,,,,,,,*
*......,*#..§≈≈.....#...*,,,,,,**
*#.....###.......<......,,,*,***
*#.....#.............<.,,,,,,,**
##................o...,,,,,,,,*
#............#........,,,,,*,,*
##....)[#.............,,,,,*,,,
##.#.................,,,,,,,,*
##.............,,,,,,,,*,*,**


You could see an orc warrior, 4 orc priests and 2 orcs.

Vanquished Creatures
  A dancing weapon (Orc:1)
  A two-headed ogre (D:10)
  2 orc high priests (Orc:2)
  Lodul (D:10)
  An orc knight (Orc:1)
  An orc sorcerer (Orc:1)
  A cyclops (D:10)
  An ugly thing (D:8)
  Maurice (D:9)
  3 kobold blastminers
  A smoke demon (D:10)
  An efreet (D:10)
  4 trolls
  2 hornets
  Grinder (D:3)
  A shadow (D:10)
  4 wargs
  2 fire bats (D:10)
  11 yaks (D:9)
  3 wyverns
  A steam dragon (D:6)
  3 fire elementals (D:10)
  Edmund (D:4)
  A water moccasin (D:5)
  18 orc warriors
  A sky beast (D:6)
  A black bear (D:6)
  5 wolves (Bailey)
  A crocodile (Sewer)
  2 centaurs
  16 ogres
  2 phantoms
  A kobold brigand (D:5)
  2 scorpions
  3 bullfrogs
  8 gnoll sergeants
  11 wights
  6 killer bees
  3 howler monkeys
  2 jellies
  25 orc priests
  A bombardier beetle (D:6)
  6 gnoll boudas (Bailey)
  3 hounds
  Ijyb (D:3)
  2 iguanas
  34 orc wizards
  Robin (D:4)
  17 gnolls
  4 adders
  2 shadow imps
  A white imp (D:7)
  3 ribbon worms (D:3)
  2 dart slugs (D:2)
  67 orcs
  10 endoplasms
  4 giant cockroaches
  15 goblins
  3 hobgoblins
  5 jackals
  5 quokkas
  4 ball pythons
  5 bats
  2 frilled lizards
  22 kobolds
  6 rats
381 creatures vanquished.

Notes
Turn   | Place    | Note
-------+----------+-------------------------------------------
     0 | D:1      | Pooter the Minotaur Berserker began the quest for the Orb.
     0 | D:1      | Reached XP level 1. HP: 19/19 MP: 0/0
   181 | D:1      | Reached skill level 4 in Axes
   276 | D:1      | Reached XP level 2. HP: 27/27 MP: 1/1
   850 | D:2      | Reached XP level 3. HP: 29/33 MP: 2/2
   950 | D:2      | Reached ** piety under Trog
  1309 | D:3      | Found a glowing drain.
  1324 | D:3      | Reached skill level 5 in Axes
  1375 | Sewer    | Entered a sewer
  1430 | Sewer    | Noticed a crocodile
  1434 | Sewer    | Killed a crocodile
  1435 | Sewer    | Reached skill level 6 in Axes
  1435 | Sewer    | Reached XP level 4. HP: 41/41 MP: 3/3
  1435 | Sewer    | Reached XP level 5. HP: 47/47 MP: 4/4
  1545 | D:3      | Reached skill level 5 in Fighting
  2467 | D:4      | Reached skill level 1 in Maces & Flails
  2581 | D:4      | Noticed Ijyb
  2582 | D:4      | Identified the +11 sling "Jaicar" {flame, *Slow rElec rPois
                  | Stlth+}
  2582 | D:4      | Noticed Robin
  2673 | D:4      | Noticed Grinder
  2679 | D:4      | Paralysed by Grinder for 4 turns
  2684 | D:4      | Paralysed by Grinder for 5 turns
  2697 | D:3      | Killed Grinder
  2698 | D:3      | Reached skill level 1 in Ranged Weapons
  2698 | D:3      | Reached XP level 6. HP: 37/56 MP: 5/5
  2700 | D:3      | Killed Ijyb
  2798 | D:4      | Killed Robin
  2825 | D:4      | Reached XP level 7. HP: 61/61 MP: 6/6
  2887 | D:4      | Found a shimmering altar of Xom.
  2901 | D:4      | Reached skill level 7 in Axes
  3081 | D:4      | Found a broken altar of Ashenzari.
  3081 | D:4      | Found a bloodstained altar of Trog.
  3081 | D:4      | Found an opulent altar of Gozag.
  3081 | D:4      | Found a snail-covered altar of Cheibriados.
  3081 | D:4      | Found an ancient bone altar of Kikubaaqudgha.
  3081 | D:4      | Found a radiant altar of Vehumet.
  3083 | D:4      | Reached *** piety under Trog
  3271 | D:4      | Found a broken altar of Ashenzari.
  3272 | D:4      | Noticed Edmund
  3279 | D:4      | Killed Edmund
  3345 | D:4      | Found a bloodstained altar of Trog.
  3356 | D:4      | Found a basalt altar of Yredelemnul.
  3456 | D:5      | Entered Level 5 of the Dungeon
  3535 | D:5      | Found a stormy altar of Qazlal.
  3564 | D:5      | Reached skill level 8 in Axes
  3564 | D:5      | Reached XP level 8. HP: 71/71 MP: 7/7
  3596 | D:5      | Reached skill level 5 in Ranged Weapons
  4365 | D:6      | Reached skill level 9 in Axes
  5103 | D:7      | Reached XP level 9. HP: 79/79 MP: 8/8
  5216 | D:7      | Reached skill level 10 in Axes
  5326 | D:7      | Reached **** piety under Trog
  5878 | D:7      | Found a staircase to the Ecumenical Temple.
  5999 | D:7      | Found a hazy altar of Hepliaklqana.
  6262 | D:7      | Found Gynism's Armour Shop.
  6265 | D:7      | Bought a +1 pair of gloves of dexterity for 181 gold pieces
  6496 | D:8      | Found a flagged portal.
  6504 | Bailey   | Entered a bailey
  6684 | Bailey   | Reached skill level 11 in Axes
  6880 | Bailey   | Reached XP level 10. HP: 83/90 MP: 9/9
  7169 | D:8      | Noticed a cyan ugly thing
  7177 | D:8      | Killed a cyan ugly thing
  7453 | D:8      | Paralysed by a hornet for 2 turns
  7459 | D:8      | Reached skill level 12 in Axes
  7627 | D:8      | Found Xaad's Demolitions Depot.
  7645 | D:8      | Bought a wand of roots (7) for 168 gold pieces
  7645 | D:8      | Bought a wand of flame (3) for 21 gold pieces
  7645 | D:8      | Bought a wand of acid (3) for 126 gold pieces
  7899 | D:9      | Reached skill level 10 in Ranged Weapons
  8274 | D:9      | Noticed Maurice
  8283 | D:9      | Killed Maurice
  8399 | D:9      | Reached skill level 13 in Axes
  8451 | D:9      | Reached skill level 10 in Fighting
  8483 | D:9      | Reached XP level 11. HP: 99/99 MP: 10/10
  8503 | D:9      | Identified a scroll of acquirement
  8503 | D:9      | Acquired a +0 executioner's axe of flaming
  8897 | D:10     | Entered Level 10 of the Dungeon
  9022 | D:10     | Noticed Lodul
  9083 | D:10     | Killed Lodul
  9084 | D:10     | Reached skill level 1 in Throwing
  9239 | D:10     | Noticed a two-headed ogre
  9247 | D:10     | Killed a two-headed ogre
  9476 | D:10     | Reached skill level 14 in Axes
  9523 | D:10     | Found a staircase to the Orcish Mines.
  9618 | D:10     | Found a transporter.
  9639 | D:10     | Found a transporter.
  9639 | D:10     | Noticed PriceMaster's ghost (journeyman SpCj)
  9869 | D:10     | Upgraded the game from 0.32-a0-120-gfac0567ad4 to
                  | 0.32-a0-128-g77eb882913
  9899 | Orc:1    | Entered Level 1 of the Orcish Mines
 10116 | Orc:1    | Noticed an orc sorcerer
 10451 | Orc:1    | Killed an orc sorcerer
 11167 | Orc:1    | Noticed a +0 scimitar
 11174 | Orc:1    | Killed a +0 scimitar
 11280 | Orc:2    | Entered Level 2 of the Orcish Mines
 11280 | Orc:2    | Found a staircase to the Elven Halls.
 11325 | Orc:2    | Reached XP level 12. HP: 69/110 MP: 11/11
 11327 | Orc:2    | Noticed an orc high priest
 11340 | Orc:2    | Killed an orc high priest
 11451 | Orc:2    | Reached skill level 15 in Axes
 12136 | Orc:2    | Found a flickering gateway to a bazaar.
 12146 | Bazaar   | Entered a bazaar
 12146 | Bazaar   | Found Vinot's Assorted Antiques.
 12146 | Bazaar   | Found Kuih's Antique Weapon Shop.
 12146 | Bazaar   | Found Rocsodew's General Store.
 12146 | Bazaar   | Found Pedi's Antique Weapon Shop.
 12146 | Bazaar   | Found Figgergh's Distillery.
 12208 | Bazaar   | Bought a scroll of teleportation for 39 gold pieces
 12208 | Bazaar   | Bought a potion of heal wounds for 65 gold pieces
 12208 | Bazaar   | Bought a scroll of teleportation for 39 gold pieces
 12208 | Bazaar   | Bought a potion of heal wounds for 65 gold pieces
 12216 | Bazaar   | Bought 2 potions of haste for 160 gold pieces
 12216 | Bazaar   | Bought a potion of enlightenment for 40 gold pieces
 12216 | Bazaar   | Bought a potion of invisibility for 64 gold pieces
 12216 | Bazaar   | Bought 2 potions of resistance for 160 gold pieces
 12220 | Bazaar   | Bought a scroll of identify for 52 gold pieces
 12220 | Bazaar   | Bought a dented bronze amulet for 130 gold pieces
 12226 | Bazaar   | Bought a potion of curing for 24 gold pieces
 12226 | Bazaar   | Bought a potion of curing for 24 gold pieces
 12226 | Bazaar   | Bought a potion of curing for 24 gold pieces
 12226 | Bazaar   | Bought a potion of curing for 24 gold pieces
 12264 | Orc:2    | Found Ophapnoh's Assorted Antiques.
 12264 | Orc:2    | Found Muivvour's General Store.
 12267 | Orc:2    | Noticed an orc high priest
 12277 | Orc:2    | Noticed an orc high priest
 12285 | Orc:2    | Killed an orc high priest
 12290 | Orc:2    | HP: 2/110 [orc priest/divine providence (13)]
 12290 | Orc:2    | Killed from afar by an orc priest

Illustrated notes

Levels and vault maps discovered:
D:1:      erik_arrival_orb_chamber, layout_basic
D:2:      layout_rooms, minmay_between
D:3:      minmay_general_purpose_star, layout_basic,
          cheibrodos_sewer_entry_bend, roderic_lattice_a,
          nicolae_figureground_sparkle
D:4:      cheibrodos_fertilizer, layout_cave_pools,
          minmay_overflow_temple_star_quad, mainiacjoe_overflow_surrounded_room,
          serial_column_ruins, column_ruins_grid_1, column_ruins_open_tiny,
          column_ruins_open_tiny, column_ruins_grid_1,
          column_ruins_columns_dead_end, column_ruins_grid_1,
          nicolae_goblin_pals, uniq_grinder, uniq_edmund, uniq_ijyb
D:5:      layout_basic, mainiacjoe_overflow_small_starburst
D:6:      layout_cave_pods, fountainhead,
          serial_library_hellmonk_recessed_alcove
D:7:      layout_loops_corners, nicolae_hepliaklqana_hazy_memory,
          minmay_temple_entry_mini_moons, serial_shops,
          nicolae_shop_tiny_real_fake_doors, hex_large
D:8:      layout_rooms, serial_corexii_hall, corexii_hall_statues_l,
          corexii_hall_statues_t, corexii_hall_statues_i,
          corexii_hall_statues_s, enter_bailey_5, nicolae_blasting_shop
D:9:      layout_loops_ring, uniq_maurice
D:10:     minmay_firetagon, layout_cave_pools, gammafunk_ghost_hive,
          abandoned_shop, minmay_sticks_and_stones, uniq_lodul
Orc:1:    layout_caves, lemuel_statue_altar, hellmonk_talismancer
Orc:2:    st_orc_mages, layout_caves, serial_shops, bzr_entry_water

Skill      XL: |  1  2  3  4  5  6  7  8  9 10 11 12 |
---------------+-------------------------------------+-----
Axes           | 4 6 8 9 11 13 14 15 | 15.4
Fighting       | 4 5 6 7 8 10 11 | 11.5
Maces & Flails | 2 3 |  3.7
Ranged Weapons | 1 2 4 6 9 11 12 13 | 13.3
Throwing       | 3 4 |  4.5
Armour         | |  2.4
Dodging        | |  2.1

Action                     |  1- 3 |  4- 6 |  7- 9 | 10-12 || total
---------------------------+-------+-------+-------+-------++-------
  Melee: Hand axe          |    79 |    37 |       |       ||   116
         Headbutt          |     9 |    13 |    20 |    52 ||    94
         Punch             |     3 |     2 |       |       ||     5
         Morningstar       |       |    32 |    15 |       ||    47
         Battleaxe         |       |       |   150 |   100 ||   250
         Executioner's axe |       |       |       |   180 ||   180
   Fire: Sling             |       |    17 |   105 |    21 ||   143
         Hand cannon       |       |       |       |    90 ||    90
  Throw: Stone             |     2 |     4 |     1 |       ||     7
         Boomerang         |       |       |       |     2 ||     2
 Invoke: Berserk           |     2 |     2 |     2 |    15 ||    21
         Trog's Hand       |       |     1 |    10 |    23 ||    34
  Evoke: Wand              |       |       |       |     2 ||     2
    Use: Scroll            |     5 |     3 |    11 |    18 ||    37
         Potion            |       |       |     1 |     6 ||     7
 Armour: Scale mail        |    29 |       |       |       ||    29
         Plate armour      |    17 |    89 |   307 |   555 ||   968
  Dodge: Dodged            |    34 |    20 |   117 |   183 ||   354

Table legend: (Time is in decaauts)
 A = Elapsed time spent in this place.
 B = Non-inter-level travel time spent in this place.
 C = Inter-level travel time spent in this place.
 D = Time resting spent in this place.
 E = Time spent auto-exploring this place.
 F = Levels seen in this place.
 G = Mean time per level.
                   A        B        C        D        E       F      G
               +--------+--------+--------+--------+--------+-----+--------+
         Total |  12688 |  12376 |    312 |   3596 |   6115 |  15 |  845.9 |
       Dungeon |   9915 |   9627 |    288 |   2124 |   5665 |  10 |  991.5 |
  Orcish Mines |   1856 |   1832 |     24 |   1070 |    376 |   2 |  928.0 |
        Bazaar |    113 |    113 |      0 |     74 |      0 |   1 |  113.0 |
         Sewer |    158 |    158 |      0 |     40 |     69 |   1 |  158.0 |
        Bailey |    645 |    645 |      0 |    287 |      5 |   1 |  645.0 |
               +--------+--------+--------+--------+--------+-----+--------+

Top non-repeatable levels by time:
   Orc:1: 1621 daAuts
     D:7: 1425 daAuts
     D:9: 1411 daAuts
    D:10: 1221 daAuts
     D:3: 1154 daAuts
     D:4: 938 daAuts
     D:6: 927 daAuts
     D:8: 790 daAuts
     D:1: 773 daAuts
     D:5: 743 daAuts
  Bailey: 645 daAuts
     D:2: 528 daAuts
   Orc:2: 235 daAuts
   Sewer: 158 daAuts
  Bazaar: 113 daAuts
